[Event "Championnat d'Europe Rapide"]
[Date "2024.12.08"]
[White "Pultinevicius, Paulius"]
[Black "Bulmaga, Irina"]
[WhiteElo "2579"]
[BlackElo "2386"]
[Round "10.24"]
[Result "0-1"]
[TimeControl "900+10"]

1. d4 Nf6 2. c4 e6 3. Nc3 Bb4 4. e3 O-O 5. Bd3 d5 6. a3 Bxc3+ 7. bxc3 dxc4 8. Bxc4 c5 9. Ne2 Qc7 10. Ba2 b6 11. O-O Rd8 12. Bb2 Ba6 13. Rc1 Nc6 14. c4 cxd4 15.
exd4 b5 16.
d5 bxc4 17.
Bxf6 Rxd5 18. Bd4 Nxd4 19. Nxd4 Qb6 20. Bxc4 Rxd4 21. Qf3 Bb7 22. Qg3 Rad8 23. h3 h6 24. Rfe1 Qd6 25. Qxd6 R8xd6 26. Bf1 Ba6 27. Bxa6 Rxa6 28. Re3 Rd7 29. g4 g5 30. Kg2 Kg7 31. Rc4 Rad6 32. Ra4 Rd4 33. Ra6 Rf4 34. Rf3 Rc4 35. Kg3 Rc1 36. Kg2 Kg6 37. Ra5 Rc6 38. Kg3 a6 39. h4 Rd5 40. Ra4 a5 41. hxg5 hxg5 42. Kg2 f5 43. gxf5+ exf5 44. Re3 Rc2 45. Re6+ Kh5 46. Re1 g4 47. Kg3 Rc3+ 48. Re3 Rxe3+ 49. fxe3 Kg5 50. Kf2 Kh4 51. e4 fxe4 52. Rxe4 Rd2+ 53. Kf1 Ra2 54. Ra4 Kh3 55. Rxa5 Ra1+ 56. Ke2 g3 57. Ra8 Ra2+ 58. Ke1 g2 59. Rh8+ Kg3 60. Rg8+ Kf3 61. Rf8+ Ke3 62. Re8+ Kf3 63. Rf8+ Kg3 64. Rg8+ Kh2 65. Rh8+ Kg1 66. Ra8 Rf2 67. Ra4 Kh2 68. Rh4+ Kg1 69. a4 Rf5 70. Rh8 Re5+ 71. Kd2 Kf2 72. Rf8 Kg3 73. Rg8+ Kf3 74. Kd3 Ra5 75. Rf8 Kg3 76. Rg8 Kf3 77. Rf8 Kg4 78. Rg8+ Rg5 79. Kd4 0-1

[Site "Europe Echecs"]

[Event "Championnat d'Europe Rapide"]
[Date "2024.12.08"]
[White "Fressinet, Laurent"]
[Black "Magold, Filip"]
[WhiteElo "2588"]
[BlackElo "2428"]
[Round "10.25"]
[Result "0-1"]
[TimeControl "900+10"]

1. d4 d5 2.
Nf3 Nf6 3.
g3 c6 4. c4 Bf5 5. Nc3 e6 6. Qb3 Qb6 7. c5 Qxb3 8. axb3 Be7 9. Bf4 Nbd7 10. b4 h6 11. h3 g5 12. Bd2 O-O 13. g4 Bg6 14. h4 Ne4 15. Nxe4 Bxe4 16. Rh3 f6 17. Bg2 Kg7 18. O-O-O b6 19. hxg5 hxg5 20. Ne1 Bg6 21. Nc2 a5 22. bxa5 bxc5 23. dxc5 Nxc5 24. b4 Na6 25. e4 e5 26. exd5 cxd5 27. Bxd5 Rac8 28. Rc3 Nxb4 29. Bb7 Na2+ 30. Kb2 Nxc3 31. Bxc3 Rc7 32. a6 Rb8 33. Ne3 Bc5 34. Ba5 Rcxb7+ 35. axb7 Rxb7+ 36. Kc3 Bd4+ 37. Kc4 Be4 38. Be1 Kg6 39. Nd5 Bf3 0-1

[Site "Europe Echecs"]

[Event "Championnat d'Europe Rapide"]
[Date "2024.12.08"]
[White "Hamitevici, Vladimir"]
[Black "Lagarde, Maxime"]
[WhiteElo "2423"]
[BlackElo "2600"]
[Round "10.26"]
[Result "0-1"]
[TimeControl "900+10"]

1. Nf3 d6 2.
d4 Nf6 3. e3 Nbd7 4. c4 e5 5. Nc3 g6 6. Be2 Bg7 7. O-O O-O 8. Qc2 Re8 9. b4 Qe7 10. Bb2 e4 11. Nd2 Nf8 12. Rfc1 Bf5 13. a4 h5 14. a5 Ne6 15. Qd1 a6 16. b5 h4 17. h3 g5 18. Nd5 Qd7 19.
Nxf6+ Bxf6 20. Bg4 Nc5 21. Bxf5 Qxf5 22. Qg4 Qg6 23. Bc3 Nd3 24. Rcb1 Re7 25. bxa6 bxa6 26. Rb7 Bg7 27. Qe2 f5 28. f3 Nc5 29. dxc5 Bxc3 30. Rc1 exf3 31. Nxf3 Bg7 32. cxd6 Qxd6 33. c5 Qf6 34. c6 Rae8 35. Qxa6 Kh8 36. Qb5 g4 37. hxg4 fxg4 38. Nh2 Rxe3 39. Qh5+ Bh6 40. Rf1 Qg5 41. Qxg5 Bxg5 42. Nxg4 Rg3 43. Nf2 Be3 44. Kh1 Rf8 45. Rb2 Rg5 46. Ra2 Rgf5 47. Kg1 R8f6 48. a6 Ba7 49. Rc2 Kg7 50. Rb2 Rxc6 51. Rd1 Rxa6 52. Rd7+ Kg6 53. Rxc7 Bxf2+ 0-1

[Site "Europe Echecs"]

[Event "Championnat d'Europe Rapide"]
[Date "2024.12.08"]
[White "Pichot, Alan"]
[Black "Nikolovski, Nikola"]
[WhiteElo "2637"]
[BlackElo "2407"]
[Round "10.27"]
[Result "0-1"]
[TimeControl "900+10"]

1. e4 d5 2.
exd5 Qxd5 3.
Nc3 Qa5 4.
d4 Nf6 5.
Nf3 Bg4 6.
h3 Bh5 7. g4 Bg6 8. Ne5 e6 9. Bg2 Qa6 10. h4 Bb4 11. f3 Nd5 12. Bd2 Bxc3 13.
bxc3 f6 14.
Nxg6 hxg6 15. Kf2 Nc6 16. Bf1 Qa3 17. c4 Nde7 18. c3 Qd6 19. Rb1 b6 20. Bd3 e5 21. Qe2 O-O-O 22. c5 Qd7 23.
Bb5 exd4 24.
cxd4 Kb8 25.
Bf4 Nd5 26.
Bd2 Nxd4 27.
Bxd7 Nxe2 28. c6 Nd4 29. Rbe1 a6 30. h5 gxh5 31. gxh5 Ka7 32. Re4 Nb5 33. Rg4 Ne7 34. Bf4 Rh7 35. a4 Nd6 36. Bxd6 cxd6 37. Re1 Nd5 38. Bf5 Rxh5 39. Rxg7+ Kb8 40. Rb7+ Ka8 41. Be4 Rc8 42. Rc1 Re5 43. Rf7 Kb8 44. Rc2 Rc7 45. Rd7 f5 46. Bd3 Nb4 47. Rd8+ Rc8 48. Rxd6 Nxc2 49. Bxa6 Rc7 50. Bb5 Nb4 0-1

[Site "Europe Echecs"]

[Event "Championnat d'Europe Rapide"]
[Date "2024.12.08"]
[White "Pancevski, Filip"]
[Black "Kuzubov, Yuriy"]
[WhiteElo "2420"]
[BlackElo "2595"]
[Round "10.28"]
[Result "0-1"]
[TimeControl "900+10"]

1. c4 e5 2.
g3 Nc6 3. Nc3 f5 4. Bg2 Nf6 5. e3 Bb4 6. Nge2 O-O 7. O-O d6 8. Nd5 Nxd5 9. cxd5 Ne7 10. a3 Ba5 11. b4 Bb6 12. Bb2 Bd7 13. Qb3 Kh8 14. f4 e4 15. a4 a5 16. b5 Qe8 17. g4 Qf7 18. Nc3 fxg4 19. Bxe4 Nf5 20. Rae1 Rae8 21. Qc2 Qh5 22. Qd3 Nh4 23. Re2 Nf3+ 24. Kh1 Bf5 25. Rg2 Rxe4 26.
Nxe4 Qg6 27.
Qc3 Bxe4 28.
d3 Bxd3 29.
Rxf3 Be4 30.
Rfg3 Bxd5 31. h3 Qf6 32. Qc2 Qe6 33. Rxg4 Bxg2+ 34. Kxg2 Rf7 35. e4 Kg8 36. f5 Qe8 37. Qc3 Kf8 38. Kf3 Qe7 39. Qc4 Ke8 40. Qd5 g6 41. Qxb7 Rxf5+ 42. exf5 Qe3+ 43. Kg2 Qg1+ 44. Kf3 Qf2+ 45. Ke4 Qxf5# 0-1

[Site "Europe Echecs"]

[Event "Championnat d'Europe Rapide"]
[Date "2024.12.08"]
[White "Pantsulaia, Levan"]
[Black "Jacimovic, Dragoljub"]
[WhiteElo "2522"]
[BlackElo "2358"]
[Round "10.29"]
[Result "0-1"]
[TimeControl "900+10"]

1. Nf3 Nf6 2. g3 g6 3.
b3 Bg7 4.
Bb2 c5 5. c4 d6 6. Bg2 Nc6 7. O-O O-O 8. d4 Ne4 9. e3 Qa5 10. Qc1 cxd4 11.
Nxd4 Nxd4 12. Bxd4 Bxd4 13. exd4 Nf6 14. Re1 Re8 15. Nc3 Rb8 16. Qb2 Qh5 17. Nb5 Bd7 18. Nc3 a6 19. a4 Ng4 20. h3 Nf6 21. h4 Bc6 22. d5 Bd7 23. a5 b6 24. Ne2 Ng4 25. Nf4 Qh6 26. Qc3 Qg7 27. Qc2 Ne5 28. axb6 Rxb6 29. c5 dxc5 30. Qxc5 Qf6 31. d6 Rb5 32. Qa7 exd6 33. Nd5 Nf3+ 34. Bxf3 Qxf3 35. Rxe8+ Bxe8 36. Ne7+ Kg7 37. Re1 Re5 38. Rxe5 dxe5 39. Qc5 Qxb3 40. Qxe5+ f6 41. Qc7 Qd1+ 42. Kh2 Qd7 43. Qc5 Bf7 44. Nc8 a5 45. Nb6 Qf5 46. Qd4 Qe5 47. Qd2 Qb5 48. Qd4 Qb4 49. Qd8 a4 50. Nd7 Qd6 51. h5 gxh5 0-1

[Site "Europe Echecs"]

[Event "Championnat d'Europe Rapide"]
[Date "2024.12.08"]
[White "Todorovic, Goran N"]
[Black "Cvitan, Ognjen"]
[WhiteElo "2256"]
[BlackElo "2413"]
[Round "10.30"]
[Result "1-0"]
[TimeControl "900+10"]

1. e4 c5 2.
Nf3 d6 3. d4 cxd4 4. Nxd4 Nf6 5. Nc3 a6 6. Bg5 e6 7. Qf3 h6 8. Be3 e5 9. Nb3 Be7 10. h3 b5 11. O-O-O Nbd7 12. Kb1 b4 13. Nd5 Nxd5 14. exd5 a5 15. Qg3 a4 16. Nd2 g6 17. f4 Ra5 18. Nc4 Ra8 19. fxe5 dxe5 20. d6 Bf6 21. Bd3 Kf8 22. Bxg6 fxg6 23.
Qxg6 Qe8 24.
Bxh6+ Rxh6 25. Qxh6+ Bg7 26. Qh7 Nf6 27. Rhf1 Qf7 28. Nxe5 Nxh7 29. Rxf7+ Kg8 30. d7 Bxd7 31. Rxg7+ 1-0

[Site "Europe Echecs"]

[Event "Championnat d'Europe Rapide"]
[Date "2024.12.08"]
[White "Kozul, Zdenko"]
[Black "Gatineau, Yovann"]
[WhiteElo "2519"]
[BlackElo "2363"]
[Round "10.31"]
[Result "1/2-1/2"]
[TimeControl "900+10"]

1. d4 d5 2.
c4 e6 3. Nf3 Nf6 4. g3 Bb4+ 5. Bd2 Be7 6. Bg2 c6 7. Qc2 Nbd7 8. O-O O-O 9. Bf4 b6 10. h4 h6 11. Nbd2 Nh5 12. e3 Bb7 13. cxd5 cxd5 14. Bc7 Qe8 15. Rfc1 Rc8 16. Qb3 Nhf6 17. Bf1 Ne4 18. Nxe4 dxe4 19. Nd2 Bd5 20. Qd1 Nc5 21. dxc5 Rxc7 22.
cxb6 Rxc1 23. Rxc1 axb6 24. Bc4 Bb7 25. a4 Qa8 26. Bb5 Rd8 27. Qc2 Bf6 28. Nc4 Qa7 29. h5 Bd5 30. b3 Qc7 31. Qe2 Qc5 32. Rd1 Rb8 33. Rc1 Qb4 34. Qd1 Rd8 35. Qc2 Qc5 36. Nd2 Qb4 37. Bc4 Bxc4 38. Nxc4 Rd3 39. Rb1 Qc5 40. Rd1 Rc3 41. Rd8+ Bxd8 42. Qxc3 Qxh5 43. Qd4 Qd5 44. b4 Bc7 45. a5 bxa5 46.
bxa5 Qb5 47. Qxe4 g6 48. Qd4 Bxa5 49. Ne5 h5 50. Nd7 Bd8 51. Qd6 Qb1+ 52. Kh2 Qf5 53. Qf8+ Kh7 54. Qxd8 Qxf2+ 55. Kh3 Qf5+ 56. Kg2 Qc2+ 57. Kf1 Qd1+ 58. Kf2 Qc2+ 59. Kf1 Qd1+ 60. Kf2 Qc2+ 61. Kf1 1/2-1/2

[Site "Europe Echecs"]

[Event "Championnat d'Europe Rapide"]
[Date "2024.12.08"]
[White "Danov, Lyubomir"]
[Black "Alonso Rosell, Alvar"]
[WhiteElo "2297"]
[BlackElo "2532"]
[Round "10.32"]
[Result "0-1"]
[TimeControl "900+10"]

1. e4 c6 2.
d4 d5 3.
exd5 cxd5 4.
Bd3 Nc6 5.
c3 e6 6. Bf4 Nge7 7. Nf3 f6 8. O-O g5 9. Bg3 Nf5 10. Re1 Kf7 11. Nbd2 h5 12. h4 g4 13. Nh2 Nxg3 14.
fxg3 Bd6 15.
Nhf1 f5 16.
Qe2 Kg7 17.
Qf2 Rf8 18.
Re2 Bd7 19.
Rae1 f4 20.
Rxe6 Bxe6 21. Rxe6 Rf6 22. Re1 fxg3 23. Qe3 Bf4 24. Qe2 Rf7 25. Qe6 Qxh4 26. Qg6+ Kf8 27. Nb3 Re8 28. Rxe8+ Kxe8 29.
Qe6+ Kf8 30.
Bg6 Nd8 31.
Qe2 Re7 32.
Qd3 Qh2+ 33.
Nxh2 gxh2+ 0-1

[Site "Europe Echecs"]

[Event "Championnat d'Europe Rapide"]
[Date "2024.12.08"]
[White "Guliyev, Namig"]
[Black "Nevednichy, Vladislav"]
[WhiteElo "2484"]
[BlackElo "2451"]
[Round "10.33"]
[Result "1-0"]
[TimeControl "900+10"]

1. e4 c5 2.
Nf3 d6 3.
Bb5+ Nd7 4.
d4 cxd4 5.
Qxd4 a6 6.
Bxd7+ Bxd7 7. Bg5 h6 8.
Bh4 Rc8 9.
Nc3 e5 10.
Qd3 g5 11.
Bg3 Nf6 12.
Nd2 Qc7 13.
f3 b5 14. a3 Be6 15. Nf1 Qc4 16. Qd2 Be7 17. Ne3 Qd4 18. Qe2 Rxc3 19.
bxc3 Qxc3+ 20. Kf2 O-O 21. Rhd1 h5 22. Kg1 h4 23. Be1 Qc5 24. Bf2 Qc6 25. Qd2 Qb7 26. a4 b4 27. a5 Rd8 28. c4 bxc3 29. Qxc3 h3 30. Rab1 Qa8 31. g4 Rc8 32. Qd2 Rd8 33. Rb6 d5 34. Nf5 Bxf5 35. Qxg5+ Bg6 36. Rxf6 Qb7 37. Rxg6+ fxg6 38. Qxg6+ Kh8 39. exd5 Qb3 40. Qd3 Qxd3 41. Rxd3 Kg7 42. Bb6 Rd7 43. Kf2 Bd6 44. Rc3 Bb8 45. Rc8 Bd6 46. Rd8 Rxd8 47. Bxd8 e4 48. fxe4 Bxh2 49. g5 Kg6 50. Bf6 Bc7 51. e5 Bxa5 52. d6 Be1+ 53. Kg1 Ba5 54. Kh2 1-0

[Site "Europe Echecs"]

[Event "Championnat d'Europe Rapide"]
[Date "2024.12.08"]
[White "Vuckovic, Aleksandar"]
[Black "Peyrer, Konstantin"]
[WhiteElo "2307"]
[BlackElo "2440"]
[Round "10.34"]
[Result "0-1"]
[TimeControl "900+10"]

1. e4 e5 2.
Nf3 Nc6 3.
d4 exd4 4.
Nxd4 Nf6 5.
Nxc6 bxc6 6.
Bd3 d5 7.
Nc3 Bb4 8.
exd5 cxd5 9.
O-O O-O 10.
Bg5 Be6 11.
Qf3 Be7 12.
h3 Rb8 13.
b3 h6 14.
Bh4 Rb4 15.
Bg3 Bd6 16.
a3 Rb8 17.
b4 Re8 18.
Rfd1 c6 19.
Na4 Bxg3 20.
Qxg3 Nd7 21.
Rac1 a5 22.
Qd6 Qg5 23.
Kh2 Ne5 24.
Nc5 Qf4+ 25.
Kh1 Nxd3 0-1

[Site "Europe Echecs"]

[Event "Championnat d'Europe Rapide"]
[Date "2024.12.08"]
[White "Stankovic, Milos"]
[Black "Krallis, Christos"]
[WhiteElo "2462"]
[BlackElo "2383"]
[Round "10.35"]
[Result "1/2-1/2"]
[TimeControl "900+10"]

1. d4 Nf6 2. Nf3 d5 3. Bf4 c5 4. e3 e6 5. Nbd2 Qb6 6. Rb1 cxd4 7. exd4 Bd7 8. Be2 Bb5 9. O-O Bxe2 10. Qxe2 Qa6 11. Qxa6 Nxa6 12. c3 Be7 13. Nb3 Ne4 14. Rfe1 Rc8 15. Nfd2 Nd6 16. Nc1 Nb8 17. Nd3 Nd7 18. Re2 Nc4 19. Rbe1 O-O 20. h3 b5 21. a3 1/2-1/2

[Site "Europe Echecs"]

[Event "Championnat d'Europe Rapide"]
[Date "2024.12.08"]
[White "Oliinyk, Serafym"]
[Black "Kilic, Eray"]
[WhiteElo "2207"]
[BlackElo "2459"]
[Round "10.36"]
[Result "0-1"]
[TimeControl "900+10"]

1. e4 c5 2.
Nf3 d6 3. d4 cxd4 4. Nxd4 Nf6 5. Nc3 a6 6. h3 e5 7. Nb3 Be6 8. f4 Nc6 9. f5 Bxb3 10.
axb3 d5 11.
Bg5 d4 12.
Nd5 Nb4 13.
Bxf6 gxf6 14. Nxb4 Bxb4+ 15. Kf2 Qb6 16. Bd3 O-O 17. Qh5 Bd2 18. h4 Kh8 19. g4 Be3+ 20. Kf3 Rg8 21. Qxf7 Raf8 22. Qh5 Rg7 23. Rh2 Qc6 24. Bc4 Bf4 25. Rg2 b5 26. Bd5 Qc5 27. Rd1 Rd7 28. Be6 d3 29. g5 Qe3+ 30. Kg4 Qxe4 31. Bxd7 Qxg2# 0-1

[Site "Europe Echecs"]

[Event "Championnat d'Europe Rapide"]
[Date "2024.12.08"]
[White "Saraci, Nderim"]
[Black "Maier, Christian"]
[WhiteElo "2431"]
[BlackElo "2235"]
[Round "10.37"]
[Result "1/2-1/2"]
[TimeControl "900+10"]

1. d4 Nf6 2.
Nf3 g6 3. g3 Bg7 4. Bg2 O-O 5. O-O d6 6. c4 Nbd7 7. Nc3 e5 8. e4 exd4 9. Nxd4 Re8 10. Re1 Nc5 11. b4 Ne6 12. Nb3 Nd7 13. Bb2 Ne5 14. Qe2 Bd7 15. Rad1 f5 16. f4 Ng4 17. h3 Nh6 18. c5 Bc6 19. Na5 Qf6 20. Nxc6 bxc6 21. e5 dxe5 22.
Bxc6 Nxf4 23. Qc4+ Ne6 24. Bxa8 Rxa8 25. Nd5 Qg5 26. Qb3 Nf7 27. Bc1 f4 28. Qf3 Re8 29. h4 Qh6 30. Kg2 g5 31. Qg4 Qg6 32. hxg5 h5 33. Qh4 Nfxg5 34. Kh1 Nf3 35. Ne7+ Rxe7 36. Qxe7 Qg4 37. Kg2 Qxg3+ 38. Kf1 Qg1+ 39. Ke2 Qg2+ 40. Kd3 Nxe1+ 41. Rxe1 Qg3+ 42. Kc4 Qxe1 43. Qxe6+ Kh7 44. Qf5+ Kh6 45. Qe6+ Kh7 46. Qf5+ Kh6 47. Qe6+ Kh7 1/2-1/2

[Site "Europe Echecs"]

[Event "Championnat d'Europe Rapide"]
[Date "2024.12.08"]
[White "Nakonechnyi, Oleksii"]
[Black "Ghimpu, Samuel-Timotei"]
[WhiteElo "2052"]
[BlackElo "2475"]
[Round "10.38"]
[Result "0-1"]
[TimeControl "900+10"]

1. Nf3 d5 2.
g3 c5 3. Bg2 Nc6 4. d4 cxd4 5. Nxd4 e6 6. O-O Bc5 7. e3 Nf6 8. b3 O-O 9. Bb2 Qe7 10. a3 e5 11. Nxc6 bxc6 12. b4 Bb6 13. Nd2 Bg4 14. Qc1 a5 15. c4 Rfc8 16. c5 Bc7 17. e4 Rab8 18. exd5 cxd5 19. Re1 axb4 20. axb4 Rxb4 21. Ra7 Qf8 22. Bxe5 Bxe5 23. Rxe5 Rxc5 24. Qa3 Rd4 25. Nf1 Rc8 26. Ree7 Be6 27. Qb2 Rd1 28. Qb7 h6 29. Qb3 Rdc1 30. Qb7 Re8 31. Rxe8 Qxe8 32. Ra8 Rc8 33. Rxc8 Qxc8 34. Qxc8+ Bxc8 35. f3 Kf8 36. Kf2 Ke7 37. Ke3 Kd6 38. Kd4 Ne8 39. Ne3 Nc7 40. f4 Nb5+ 41. Kd3 d4 42. Nc2 Kc5 43. Bf3 Bf5+ 44. Be4 Bxe4+ 45. Kxe4 Kc4 46. Ke5 d3 47. Ne3+ Kc3 48. Kd5 d2 49. Kc5 Kd3 50.
Nd1 Nc3 51.
Nf2+ Ke2 52. Kd4 0-1

[Site "Europe Echecs"]

[Event "Championnat d'Europe Rapide"]
[Date "2024.12.08"]
[White "Robis, Dimitrios"]
[Black "Aizenberg, Benny"]
[WhiteElo "1893"]
[BlackElo "2425"]
[Round "10.39"]
[Result "1/2-1/2"]
[TimeControl "900+10"]

1. d4 f5 2.
Nf3 Nf6 3.
g3 g6 4. Bg2 Bg7 5. O-O O-O 6. c4 d6 7. Nc3 c6 8. Re1 Qe8 9. b3 e5 10. dxe5 dxe5 11. e4 Nxe4 12.
Nxe4 fxe4 13. Ng5 Qe7 14. Nxe4 Bf5 15. Bg5 Qc7 16. Qd6 Qf7 17. Qd2 Bxe4 18. Bxe4 Na6 19. Be3 Nc7 20. Rad1 Ne6 21. Qd7 Nd4 22. Qxf7+ Rxf7 23. Bxd4 exd4 24. f3 a5 25. a4 Bf8 26. Kg2 Bc5 27. h4 Kg7 28. h5 Rd8 29. hxg6 hxg6 30. Bd3 Rdf8 31. Be4 Rh8 32. Rh1 Re8 33. Rd3 Re5 34. Rhd1 Rg5 35. Rh1 Rf8 36. g4 Re5 37. Rdd1 Rd8 38. Rd3 Ree8 39. Kf2 Rf8 40. Ke2 Rh8 41. Rdd1 d3+ 42. Bxd3 1/2-1/2

[Site "Europe Echecs"]

[Event "Championnat d'Europe Rapide"]
[Date "2024.12.08"]
[White "Djukic, Nikola"]
[Black "Kukov, Velislav"]
[WhiteElo "2493"]
[BlackElo "2316"]
[Round "10.40"]
[Result "1-0"]
[TimeControl "900+10"]

1. e4 g6 2.
d4 Bg7 3.
Nc3 d5 4.
exd5 Nf6 5.
Bc4 O-O 6.
Nf3 Nbd7 7.
O-O Nb6 8.
Bb3 a5 9. a4 Nbxd5 10.
Nxd5 Nxd5 11. Re1 c6 12. h3 b6 13. Bg5 Re8 14. Qd2 Bb7 15. Rad1 Qc7 16. Bh6 e6 17. Bxg7 Kxg7 18. Ne5 f6 19. Nd3 Rad8 20. c4 Ne7 21. Rxe6 Rxd4 22.
Rde1 c5 23.
Qe2 Kf7 24.
f3 Rd7 25.
Nf2 Red8 26.
Ng4 Ng8 27.
Qf2 h5 28.
Ne3 Qf4 29.
Nd5 Bxd5 30.
cxd5 c4 31.
R6e4 Qd6 32.
Bxc4 Kg7 33.
Re6 Qb4 34.
b3 Rd6 35.
R6e4 Qc3 36.
Qg3 f5 37.
Re6 Rxe6 38.
Rxe6 Nf6 39.
Qc7+ Rd7 40.
Qxb6 Qc1+ 41. Kf2 Qb2+ 42. Re2 Qc3 43. Qe6 h4 44. Qe5 Qb4 45. Qd4 Rxd5 46. Qxh4 Qc5+ 47. Kf1 Rd1+ 48. Re1 Rd2 49. Re6 Ng8 50. Qe1 Nf6 1-0

[Site "Europe Echecs"]

[Event "Championnat d'Europe Rapide"]
[Date "2024.12.08"]
[White "Ribeiro, Gustavo"]
[Black "Mastrovasilis, Dimitrios"]
[WhiteElo "2241"]
[BlackElo "2537"]
[Round "10.41"]
[Result "1/2-1/2"]
[TimeControl "900+10"]

1. e4 d5 2.
exd5 Qxd5 3.
Nc3 Qd6 4.
Ne4 Qd5 5. Nc3 Qa5 6. Bc4 Nf6 7. Nge2 c6 8. d4 g6 9. Bd2 Qb6 10. O-O Bg7 11. Qc1 O-O 12. Re1 Nbd7 13. Bh6 e5 14. Bxg7 Kxg7 15. Qe3 Re8 16. dxe5 Nxe5 17. Qxb6 axb6 18. Bb3 Be6 19. Bxe6 Rxe6 20. Nd4 Ree8 21. a4 Rad8 22. Rad1 Rxd4 23. Rxd4 Nf3+ 24.
gxf3 Rxe1+ 25. Kg2 Rc1 26. Rb4 Nd7 27. Rd4 Nc5 28. Rb4 Ne6 29. f4 b5 30. f5 gxf5 31. axb5 c5 32. Ra4 Rxc2 33. Ra7 b6 34. Rb7 Rxb2 35. Rxb6 Nd4 36. Na4 Rc2 37. Rd6 Nxb5 38. Rd5 Nc7 39. Rxc5 Rxc5 40. Nxc5 Ne6 41.
Nd7 Kg6 42.
Kg3 Kg5 43.
f4+ Kg6 44.
Nb6 Nc7 45.
Nd7 Nd5 46.
Nf8+ Kg7 47.
Nd7 Nf6 48. Nb6 Ne4+ 49. Kf3 Kf6 50. Nd5+ Ke6 51. Nc7+ Kd6 52. Ne8+ Kd5 53. Ng7 Nd6 54. Ke3 h6 55. Nh5 Ne8 56. Kd3 Nc7 57. Ng7 Ne6 58. Nxf5 Nxf4+ 59. Ke3 Ke5 60. Nxh6 Nd5+ 61. Kf2 f5 62. Nxf5 Kxf5 63. h4 Kg4 64. Ke1 Kxh4 1/2-1/2

[Site "Europe Echecs"]

[Event "Championnat d'Europe Rapide"]
[Date "2024.12.08"]
[White "Alienkin, Aleksander"]
[Black "Tudor, Henry Edward"]
[WhiteElo "2337"]
[BlackElo "2375"]
[Round "10.42"]
[Result "1-0"]
[TimeControl "900+10"]

1. d4 Nf6 2.
Nc3 d5 3.
Bg5 Nbd7 4.
Nf3 h6 5.
Bh4 e6 6. e3 Bb4 7. Bd3 c5 8. dxc5 Nxc5 9. O-O O-O 10. Ne2 Nxd3 11.
cxd3 Be7 12.
Ne5 Nd7 13.
Bxe7 Qxe7 14. Nxd7 Bxd7 15. Qb3 b6 16. Rac1 Rfc8 17. h3 Kf8 18. d4 Qd6 19. Nf4 Rxc1 20. Rxc1 Rc8 21. Rxc8+ Bxc8 22. Qc2 Bb7 23. Qh7 e5 24. Qh8+ Ke7 25. Nh5 exd4 26. Nxg7 Qg6 27. g4 d3 28.
Qe8+ Kd6 29.
Nf5+ Kc7 30.
Qe5+ Kd7 31.
Qe7+ Kc8 32.
Nd6+ Qxd6 33. Qxd6 d2 34. Qf8+ Kd7 35. Qxf7+ Kc6 36. Qg6+ 1-0

[Site "Europe Echecs"]

[Event "Championnat d'Europe Rapide"]
[Date "2024.12.08"]
[White "Trushko, Andrii"]
[Black "Papasimakopoulos, Alexandros"]
[WhiteElo "2143"]
[BlackElo "2379"]
[Round "10.43"]
[Result "0-1"]
[TimeControl "900+10"]

1. d4 d5 2.
Bf4 c5 3. e3 Nc6 4. c3 Qb6 5. Qc2 g6 6. Nd2 Bf5 7. Qb3 c4 8. Qxb6 axb6 9. a3 Nf6 10. f3 b5 11. g4 Be6 12. Rc1 Nd7 13. h3 f6 14. Bg2 Bf7 15. Ne2 e5 16. Bg3 h5 17. Kf2 O-O-O 18. Ra1 Nb6 19. Rhb1 Bd6 20. b3 h4 21. Bh2 exd4 22. Bxd6 dxe3+ 23. Kxe3 Rxd6 24. bxc4 Nxc4+ 25. Nxc4 bxc4 26. f4 Re8+ 27. Kf2 Rde6 28. Ra2 Re3 29. a4 g5 30. a5 Kc7 31. Rb5 Rd3 32. Rab2 Rb8 33. Rb6 Be8 34. R6b5 Ne7 35. Rb6 Bc6 36. Bf3 Ra8 37. Nd4 Rxa5 38. fxg5 fxg5 39. Ne6+ Kd7 40. Nxg5 Rxc3 41. Nf7 Raa3 42. Bg2 Ng6 43. Ng5 Nf4 44. Bf1 d4 45. R6b4 b5 46. Nf7 Rf3+ 47. Kg1 Nxh3+ 48. Bxh3 Rxf7 49. Kh2 Kd6 50. g5 Rg3 0-1

[Site "Europe Echecs"]

[Event "Championnat d'Europe Rapide"]
[Date "2024.12.08"]
[White "Savanovic, Aleksandar"]
[Black "Dinev, Dejan"]
[WhiteElo "2354"]
[BlackElo "2209"]
[Round "10.44"]
[Result "1-0"]
[TimeControl "900+10"]

1. e4 e6 2. d4 b6 3. Bd3 Bb7 4. Qe2 Nc6 5. c3 d6 6. Nf3 Nf6 7. O-O Be7 8. Re1 h6 9. Nbd2 Qd7 10. Nf1 O-O-O 11. a4 Na5 12. N3d2 c5 13. Bb5 Qc7 14. b4 cxb4 15. cxb4 Nc6 16. Bb2 d5 17. e5 Ne4 18. Bxc6 Bxc6 19. b5 Kb8 20. Rec1 Bxb5 21. axb5 Qb7 22. Rc6 Nxd2 23. Nxd2 Rc8 24. Rac1 Rxc6 25.
bxc6 Qc7 26.
Nb1 Rc8 27.
Ba3 Bxa3 28.
Nxa3 Qe7 29.
Nb5 Qb4 30.
c7+ Ka8 31.
Nd6 1-0

[Site "Europe Echecs"]

[Event "Championnat d'Europe Rapide"]
[Date "2024.12.08"]
[White "Costachi, Mihnea"]
[Black "Podlesnik, Bogdan"]
[WhiteElo "2464"]
[BlackElo "2288"]
[Round "10.45"]
[Result "1-0"]
[TimeControl "900+10"]

1. d4 Nf6 2. c4 e6 3. Nf3 b6 4. g3 Bb7 5. Bg2 Bb4+ 6. Bd2 a5 7. O-O O-O 8. Nc3 d6 9. Qc2 Bxc3 10. Bxc3 Be4 11. Qd2 Nbd7 12. Bh3 Bb7 13. Qc2 Ne4 14. Be1 Ng5 15. Nxg5 Qxg5 16. e4 Qh5 17. Bg2 f5 18. Bd2 fxe4 19. Bxe4 Bxe4 20. Qxe4 Rae8 21.
Rae1 Qf3 22.
Qxf3 Rxf3 23. Kg2 Rf7 24. Re2 h6 25. Rfe1 Rfe7 26. Bc3 Kf7 27. b3 e5 28. dxe5 Nxe5 29. Re3 g6 30. h3 h5 31. Rd1 Re6 32. Rd5 g5 33. Re4 Kg6 34. Rd2 Nc6 35. Rxe6+ Rxe6 36. Kf1 g4 37. Kg2 Ne5 38. hxg4 hxg4 39. Rd4 Kh5 40. Re4 Re7 41. Bxe5 dxe5 42. Re2 Kg5 43. Rd2 Kf5 44. Kf1 Ke4 45. Ke2 Rf7 46. Rd8 Rf3 47. Rg8 Rc3 48. Kd2 Rf3 49. Ke2 Rc3 50. Rxg4+ Kf5 51. Rg7 Rc2+ 52. Kf3 Rxa2 53. g4+ Ke6 54. Rxc7 e4+ 55. Ke3 Kd6 56. Ra7 Rb2 57. Ra8 Ke6 58. Ra6 Rxb3+ 59. Kxe4 Rb4 60. Kd4 Kf6 61. f4 a4 62. Kd5 Kg6 63. Ke5 Rxc4 64. Rxb6+ Kf7 65. Ra6 Rb4 66. g5 Kg7 67. Kf5 Rb5+ 68. Kg4 Rb4 69. Rc6 a3 70. Rc7+ Kg8 71. Ra7 Rb3 72. f5 Kf8 73. Kh5 Kg8 74. Kg6 Rb6+ 75. f6 Rb8 76. Rg7+ Kf8 77. Rh7 1-0

[Site "Europe Echecs"]

[Event "Championnat d'Europe Rapide"]
[Date "2024.12.08"]
[White "Sadiku, Bedri"]
[Black "Vuckovic, Zarko"]
[WhiteElo "2159"]
[BlackElo "2334"]
[Round "10.46"]
[Result "1-0"]
[TimeControl "900+10"]

1. Nf3 d5 2.
g3 Nd7 3. d3 e5 4. e4 c6 5. Bg2 Ngf6 6. Nbd2 Bd6 7. O-O O-O 8. h3 Re8 9. Qe2 h6 10. Nh2 a5 11. Ng4 Nxg4 12.
Qxg4 Nf6 13.
Qe2 a4 14.
a3 b6 15.
Re1 Ba6 16.
c4 d4 17. b4 axb3 18.
Nxb3 b5 19.
c5 Bf8 20.
Bd2 Bc8 21.
Bb4 Be6 22.
Rab1 Nd7 23. Rec1 Qc7 24. Qd2 Ra4 25. f4 f6 26. f5 Bf7 27. Qc2 Nb8 28. Nd2 Na6 29. Rb2 Ra8 30. g4 Nxb4 31. axb4 Ra2 32. Rcb1 R2a3 33. Nb3 R8a4 34. Qd2 Be7 35. Bf1 Kh8 36. Be2 Ra6 37. Bd1 Bg8 38. Bc2 Ra2 39. Bd1 Qa7 40. Rxa2 Rxa2 41. Rb2 Ra6 42. Nc1 Ra1 43. Kf2 Qa3 44. Ke2 Qc3 45. Qxc3 dxc3 46. Rc2 Rb1 47. Rxc3 Rxb4 48. Bb3 Bxb3 49. Nxb3 Ra4 50. Rc2 Kg8 51. Kd2 Kf7 52. Kc3 Ke8 53. Rd2 Kd7 54. Kb2 Kc7 55. Rd1 Kb7 56. Rc1 Ra8 57. Rd1 Rh8 58. Kc3 h5 59. d4 exd4+ 60. Rxd4 Kc7 61. Rd3 hxg4 62. hxg4 Rh4 63. Rg3 Rh1 64. Kd4 Rh2 65. e5 Re2 66. e6 Re5 67. Rh3 Rd5+ 68. Ke4 Bxc5 69. Nxc5 Rxc5 70. Rh7 Re5+ 71. Kf4 b4 72. Rxg7+ Kb6 73. Rg8 Kc7 74. g5 b3 75. gxf6 b2 76. Rg1 Rc5 77. Rb1 1-0

[Site "Europe Echecs"]

[Event "Championnat d'Europe Rapide"]
[Date "2024.12.08"]
[White "Baskin, Robert"]
[Black "Ciric, Pavle"]
[WhiteElo "2442"]
[BlackElo "2346"]
[Round "10.47"]
[Result "1/2-1/2"]
[TimeControl "900+10"]

1. e4 c5 2.
Nf3 d6 3. d4 cxd4 4. Nxd4 Nf6 5. Nc3 a6 6. Rg1 e5 7. Nb3 Be6 8. g4 h6 9. Qf3 d5 10. exd5 Nxd5 11. Bd2 Nxc3 12. Bxc3 Nc6 13. Bd3 Bb4 14. Bxb4 Nxb4 15. Be4 Qc7 16. c3 Nxa2 17. Bxb7 Rb8 18. Bc6+ Ke7 19. Rxa2 Bxb3 20. Ra1 Rb6 21. Be4 Rd8 22. Qe3 Bc4 23. b4 Rbd6 24. Qc5 Qxc5 25.
bxc5 Rd2 26. Bf3 Rc2 27. Rd1 Rxc3 28. Rg3 Rxd1+ 29. Bxd1 Rxg3 30.
hxg3 Ke6 31. Bf3 g6 32. Kd2 f5 33. gxf5+ gxf5 34. Kc3 Bb5 35. Bb7 a5 36. Bg2 e4 37. Kd4 a4 38. g4 Bc6 39. Bh3 fxg4 40. Bxg4+ Kf6 41. Bh5 a3 42. Kc3 Ke5 43. Kb3 Kd4 44. Kxa3 Kxc5 45. Kb2 Kd4 46. Kc1 Ke5 47. Kd2 Kf4 48. Ke1 Kg5 49. Be2 h5 50. Kf1 h4 51. Kg1 Kf4 52. Bd1 Bd7 53. Be2 Bg4 54. Ba6 h3 55. Bb7 Bf5 56. Bc6 Kf3 57. Bb7 Ke2 58. Kh2 Kf3 59. Kg1 Be6 60. Kh2 Bd7 61. Bd5 Kf4 62. Bb7 Ke5 63. Ba8 Kd4 64. Bb7 Bf5 65. Bc6 Kd3 66. Bb7 Kd4 67. Bc6 Ke5 68. Bb7 Kf4 69. Bc6 Bg4 70. Bb7 Kf3 71. Bc6 Bf5 72. Bb7 Kxf2 73. Bxe4 Bxe4 74. Kxh3 1/2-1/2

[Site "Europe Echecs"]